 Dungeon Crawl Stone Soup version 0.30-a0-1082-g70414cbcbb (webtiles) character file.

Game seed: 16980046036403717058

2143 Arzdou the Covert (level 9, -3/40 HPs)
             Began as a Spriggan Enchanter on Apr 15, 2023.
             Was a Follower of Dithmenos.
             Killed from afar by an electric eel (14 damage)
             ... with a bolt of electricity
             ... on level 8 of the Dungeon.
             The game lasted 00:18:40 (8253 turns).

Arzdou the Covert (Spriggan Enchanter)              Turns: 8253, Time: 00:18:40

Health: -3/40      AC:  3    Str:  4    XL:     9   Next: 9%
Magic:  18/19      EV: 18    Int: 26    God:    Dithmenos [*.....]
Gold:   396        SH:  5    Dex: 16    Spells: 9/20 levels left

rFire   . . .      SeeInvis +    D - +1 short sword (venom)
rCold   . . .      Faith    .    (no shield)
rNeg    . . .      Spirit   .    b - +1 robe
rPois   .          Reflect  +    (helmet restricted)
rElec   .          Rampage  .    (no cloak)
rCorr   .                        (gloves unavailable)
Will    +....                    (boots unavailable)
Stlth   ++++++                   d - amulet of reflection
HPRegen 0.26/turn                f - +4 ring of slaying
MPRegen 0.16/turn                r - +6 ring of intelligence

@: wreathed by umbra, very quick
A: very small, no large weapons, unfitting armour, see invisible, speed 3
a: Renounce Religion


You were on level 8 of the Dungeon.
You worshipped Dithmenos.
Dithmenos was aware of your devotion.
You visited 2 branches of the dungeon, and saw 9 of its levels.

You collected 396 gold pieces.

Inventory:

Hand Weapons
 D - a +1 short sword of venom (weapon)
 E - a +3 sling
Missiles
 a - 2 throwing nets
Armour
 b - a +1 robe (worn)
Jewellery
 d - an amulet of reflection (around neck)
 f - a +4 ring of slaying (left hand)
 r - a +6 ring of intelligence (right hand)
 s - a ring of willpower
 C - a ring of ice
 G - an amulet of guardian spirit
Wands
 e - a wand of paralysis (6)
 A - a wand of iceblast (11)
 F - a wand of flame (36)
 H - a wand of digging (8)
Scrolls
 g - 4 scrolls of enchant weapon
 i - 3 scrolls of noise
 k - 8 scrolls of teleportation
 l - a scroll of enchant armour
 m - a scroll of vulnerability
 u - a scroll of magic mapping
 y - a scroll of immolation
 I - a scroll of identify
Potions
 c - 3 potions of invisibility
 j - 3 potions of curing
 p - a potion of attraction {unknown}
 q - a potion of lignification {unknown}
 t - 3 potions of brilliance
 v - 4 potions of haste
 w - 2 potions of heal wounds {unknown}
 x - 3 potions of berserk rage
 z - a potion of degeneration {unknown}


   Skills:
 + Level 0.9 Fighting
 * Level 4.6 Short Blades
 + Level 3.6 Dodging
 * Level 11.8 Stealth
 - Level 0.1 Shields
 + Level 6.3 Spellcasting
 * Level 7.6 Hexes
 + Level 2.8 Ice Magic


You had 9 spell levels left.
You knew the following spells:

 Your Spells              Type           Power      Damage    Failure   Level
a - Ensorcelled Hibernat  Hex/Ice        70%        N/A       1%          2
b - Confusing Touch       Hex            48%        N/A       1%          3
c - Tukima's Dance        Hex            48%        N/A       1%          3
d - Dazzling Flash        Conj/Hex       56%        N/A       4%          3

Your spell library contained the following spells:

 Spells                   Type           Power      Damage    Failure   Level
 Ignite Poison            Fire/Tmut/Pois 8%         N/A       21%         3
 Silence                  Hex/Air        14%        N/A       36%         5
 Sticky Flame             Conj/Fire      8%         2d3       56%         4
 Agony                    Necr           8%         N/A       88%         5
 Ignition                 Fire           4%         3d4       100%        8


Dungeon Overview and Level Annotations

Branches:
Dungeon (8/15)             Temple (1/1) D:6
   Lair: D:8-11

Altars:
Ashenzari
Cheibriados
Dithmenos
Elyvilon
Fedhas
Gozag
Hepliaklqana
Makhleb
Nemelex Xobeh
Okawaru
Qazlal
Ru
Trog
Uskayaw
Yredelemnul
Zin
The Shining One

Shops:
D:7 =**   D:8 *


Innate Abilities, Weirdness & Mutations

You are very small and have problems with some larger weapons.
You are too small for most types of armour.
You have supernaturally acute eyesight. (SInv)
You cover ground extremely quickly. (Speed+++)


Message History

HP restored.
Done exploring.
There is a stone staircase leading down here.
You climb downwards.
There is a stone staircase leading up here.
A steam dragon comes into view.
There is a stone staircase leading up here.
Found 13 gold pieces.
There is a stone staircase leading down here.
Found a pair of gloves.
The steam dragon hisses angrily.
The steam dragon looks drowsy...
Found an escape hatch in the floor.
Found a stone staircase leading down.
The steam dragon hisses angrily.
You hit the steam dragon but do no damage.
The steam dragon is poisoned.
The steam dragon misses you. x2
You puncture the steam dragon!
The steam dragon looks as sick as possible!
The steam dragon is moderately wounded.
The steam dragon breathes steam at you. The ball of steam hits you!
You hear a shout!
An electric eel comes into view.
You are engulfed in a cloud of scalding steam.
You are engulfed in a cloud of scalding steam.
The electric eel shoots out a bolt of lightning at you!
The bolt of electricity hits you! You block the steam dragon's attack.
The steam dragon claws you.
* * * LOW HITPOINT WARNING * * *
Really walk into that cloud of steam? [Y]es or [N]o only, please.
Really walk into that cloud of steam? [Y]es or [N]o only, please.
Really walk into that cloud of steam?
Okay, then.
Found a murky grey potion.
The electric eel shoots out a bolt of lightning at you!
The bolt of electricity hits you!
You die...

...y......Y..#
.!...#~~~#. ~~~.......
..~≈≈≈~~# #y≈≈≈~~....#
##~~≈≈≈≈~#.#≈≈≈≈≈≈~....
##..S≈~≈≈≈#.# ≈
.......~≈~..#~~
.##.......#....
....>..........
#......@.......
#........#....#
##.......## ..## ..
###...D..# ...#... ~
##.....# .....# .~
##...§.##..#.# .
..#..##..§....##[.
.....##....∩...... ..
.~##..##§§§§......


You could see a steam dragon (extremely poisoned, catching breath) and an
electric eel.

Vanquished Creatures
  A yak (D:7)
  2 water moccasins (D:7)
  An orc warrior (D:6)
  A sky beast (D:7)
  2 black bears
  An ogre (D:5)
  Blork the orc (D:4)
  A bullfrog (D:6)
  2 scorpions
  3 wights (D:7)
  2 killer bees (D:7)
  A howler monkey (D:7)
  3 hounds
  An orc priest (D:7)
  6 iguanas
  2 jellies (D:6)
  2 sleepcaps
  A gnoll bouda (D:6)
  3 orc wizards
  Robin (D:2)
  5 gnolls
  13 adders
  4 white imps
  A worm (D:4)
  A dart slug (D:2)
  10 orcs
  7 ball pythons
  4 bats
  9 endoplasms
  2 giant cockroaches
  16 goblins
  10 hobgoblins
  4 jackals (D:1)
  4 quokkas
  4 frilled lizards (D:1)
  6 kobolds
  5 rats
142 creatures vanquished.

Vanquished Creatures (collateral kills)
  An orc (D:6)
1 creature vanquished.

Vanquished Creatures (others)
  2 dancing weapons (D:7)
2 creatures vanquished.

Grand Total: 145 creatures vanquished

Notes
Turn   | Place    | Note
-------+----------+-------------------------------------------
     0 | D:1      | Arzdou the Spriggan Enchanter began the quest for the Orb.
     0 | D:1      | Reached XP level 1. HP: 9/9 MP: 5/5
   209 | D:1      | Reached XP level 2. HP: 10/13 MP: 7/7
   212 | D:1      | Learned a level 2 spell: Ensorcelled Hibernation
   476 | D:1      | Reached skill level 5 in Stealth
   605 | D:1      | Reached XP level 3. HP: 16/16 MP: 4/8
   609 | D:1      | Learned a level 3 spell: Confusing Touch
   613 | D:1      | Learned a level 3 spell: Tukima's Dance
  1520 | D:2      | Reached XP level 4. HP: 21/21 MP: 7/10
  1584 | D:2      | Reached skill level 6 in Stealth
  1614 | D:2      | Found the +1 Delatra's gloves {ID++}
  1733 | D:2      | Noticed Robin
  1742 | D:2      | Killed Robin
  2210 | D:3      | Reached skill level 1 in Ice Magic
  2210 | D:3      | Reached XP level 5. HP: 24/24 MP: 7/12
  2535 | D:3      | Found an iron altar of Okawaru.
  3060 | D:4      | Noticed a black bear
  3072 | D:3      | Killed a black bear
  3073 | D:3      | Reached skill level 7 in Stealth
  3123 | D:4      | Noticed Blork the orc
  3128 | D:4      | Killed Blork the orc
  3129 | D:4      | Reached XP level 6. HP: 28/28 MP: 13/13
  3695 | D:4      | Reached skill level 8 in Stealth
  3805 | D:4      | Reached skill level 5 in Hexes
  3928 | D:4      | You fall into a shaft and drop 1 floor!
  3928 | D:5      | Entered Level 5 of the Dungeon
  4131 | D:5      | Reached XP level 7. HP: 32/32 MP: 15/15
  4779 | D:5      | Reached skill level 9 in Stealth
  4889 | D:5      | Learned a level 3 spell: Dazzling Flash
  4950 | D:5      | Reached skill level 5 in Spellcasting
  5223 | D:6      | Found a staircase to the Ecumenical Temple.
  5286 | Temple   | Entered the Ecumenical Temple
  5402 | Temple   | Became a worshipper of Dithmenos the Shadowed
  5578 | D:6      | Reached skill level 10 in Stealth
  5736 | D:6      | Reached XP level 8. HP: 37/37 MP: 16/16
  6459 | D:7      | Found Yggioc's Jewellery Emporium.
  6821 | D:7      | Reached skill level 11 in Stealth
  7485 | D:7      | Reached * piety under Dithmenos
  7641 | D:7      | Found Xanniv's General Store.
  7643 | D:7      | Found Limil's Specific Store.
  7863 | D:8      | Found Davics's General Store.
  8012 | D:7      | Reached XP level 9. HP: 38/40 MP: 19/19
  8253 | D:8      | Killed from afar by an electric eel

Illustrated notes

Levels and vault maps discovered:
D:1:      nzn_arrival_depleted_hourglass, layout_rooms
D:2:      layout_basic, corner_web_ring, pf_guarded_unrand_delatra, uniq_robin
D:3:      layout_loops_corners, okawaru_trees_2
D:4:      layout_loops_ring, grunt_tough_drop, uniq_blork_the_orc
D:5:      layout_basic, minmay_misc_feat_cross, dk_noncrumbling_4, minivault_25,
          corexii_item_surrounded_by_moat
D:6:      layout_loops_ring, minmay_temple_entry_statues_fountains
D:7:      layout_cave_pools, serial_shops, shop, hangedman_decor_opposing,
          nicolae_specific_store
D:8:      layout_cave_pools, grunt_temple_overflow_open, david_lair_generic,
          serial_ice, serial_ice_g, serial_ice_b, serial_ice_m, serial_ice_d,
          serial_ice_c, serial_ice_o, serial_ice_e, serial_ice_l, serial_shops,
          shop
Temple:   regret_index_temple_sphere_string

Skill      XL: |  1  2  3  4  5  6  7  8 |
---------------+-------------------------+-----
Spellcasting   | 3 4 5 6 |  6.3
Stealth        | 5 6 7 8 10 11 | 11.8
Hexes          | 4 5 7 |  7.6
Ice Magic      | 1 2 |  2.8
Short Blades   | 2 3 4 |  4.6
Dodging        | 3 |  3.6
Fighting       | |  0.9
Shields        | |  0.1

Action                     |  1- 3 |  4- 6 |  7- 9 || total
---------------------------+-------+-------+-------++-------
  Melee: Dagger            |    87 |    90 |    27 ||   204
         Short sword       |       |       |    98 ||    98
         Punch             |       |       |     2 ||     2
   Cast: Ensorcelled Hiber |    26 |    26 |    41 ||    93
         Confusing Touch   |       |     3 |    11 ||    14
         Tukima's Dance    |       |       |     8 ||     8
    Use: Scroll            |       |       |    15 ||    15
   Stab: Sleeping          |    23 |    31 |    30 ||    84
         Distracted        |       |     1 |       ||     1
         Confused          |       |     3 |     8 ||    11
 Armour: Robe              |     4 |     6 |     2 ||    12
  Dodge: Dodged            |    50 |    45 |    76 ||   171
  Block: Other             |    11 |    13 |    26 ||    50
         Reflection        |     2 |       |     3 ||     5

Table legend: (Time is in decaauts)
 A = Elapsed time spent in this place.
 B = Non-inter-level travel time spent in this place.
 C = Inter-level travel time spent in this place.
 D = Time resting spent in this place.
 E = Time spent auto-exploring this place.
 F = Levels seen in this place.
 G = Mean time per level.
                   A        B        C        D        E       F      G
               +--------+--------+--------+--------+--------+-----+--------+
         Total |   6085 |   5879 |    206 |    496 |   4157 |   9 |  676.1 |
       Dungeon |   6000 |   5806 |    194 |    496 |   4099 |   8 |  750.0 |
        Temple |     84 |     72 |     12 |      0 |     57 |   1 |   84.0 |
               +--------+--------+--------+--------+--------+-----+--------+

Top non-repeatable levels by time:
     D:6: 1302 daAuts
     D:7: 955 daAuts
     D:4: 840 daAuts
     D:1: 828 daAuts
     D:2: 763 daAuts
     D:5: 625 daAuts
     D:3: 618 daAuts
  Temple: 84 daAuts
     D:8: 66 daAuts
